cohdb
Replays
Latest Replays
All Replays
Popular Replays
Top Player Replays
Match Explorer
How It Works
Community
CoH3 Stats
Reddit
Sign in to upload your games and track your stats! →
Sign in with Steam
Match 46909268
Unlisted
Match 46909268
Overview
Messages
Build Orders
End
Kettenkrad Recon Vehicle
Construct Infanterie Kompanie
MG 42 Machine Gun Team
Grenadier Squad
MG 42 Machine Gun Team
Grenadier Squad
Construct Luftwaffe Kompanie
Jäger Squad
Jäger Squad
Luftwaffe Officer Quarters
Jäger Squad
Medical Station
Support Elements
Wirbelwind Flakpanzer
Pioneer Squad
Construct Panzergrenadier Kompanie
Jäger Squad
Nebelwerfer 42 Rocket Launcher Team
Jäger Squad
oberlet
JODLASTY
T1 Faker
Olg
yesman55
rocketpossum
0
0
Comments
sign in to comment!
No comments posted yet!